 Dungeon Crawl Stone Soup version 0.13.0-6-g40e4d2d (webtiles) character file.

4636 Malachi the Reanimator (level 10, -3/66 HPs)
             Began as a Demonspawn Necromancer on Oct 15, 2013.
             Was a Follower of Kikubaaqudgha.
             Slain by an orc wizard
             ... wielding a +0,+0 orcish flail
              (7 damage)
             ... on Level 8 of the Dungeon.
             The game lasted 00:32:30 (10120 turns).

Malachi the Reanimator (Demonspawn Necromancer)    Turns: 10120, Time: 00:32:30

HP  -3/66        AC  6     Str  7 (10) XL: 10   Next: 14%
MP  23/23        EV 12     Int 13 (19) God: Kikubaaqudgha [*.....]
Gold 222         SH  0     Dex 17      Spells:  5 memorised, 10 levels left

Res.Fire  : . . .   See Invis. : .   w - +1,+3 halberd (slay drac)
Res.Cold  : + . .   Warding    : .   a - +0 robe
Life Prot.: . . .   Conserve   : .   (no shield)
Res.Poison: +       Res.Corr.  : .   (no helmet)
Res.Elec. : .       Clarity    : .   A - +1 cloak {rPois}
Sust.Abil.: . .     Spirit.Shd : .   (no gloves)
Res.Mut.  : .       Stasis     : .   l - +0 pair of elf boots
Res.Rott. : .       Flight     : .   (no amulet)
Saprovore : . . .                    (no ring)
                                     r - +2 ring of dexterity

@: somewhat resistant to hostile enchantments, stealthy
A: talons 1, cold resistance 1, deformed body, deterioration 1, slow metabolism
1, spiny 2, AC +2, Dex +2
a: Receive Corpses, Renounce Religion


You were on level 8 of the Dungeon.
You worshipped Kikubaaqudgha.
Kikubaaqudgha was aware of your devotion.
You were not hungry.

You visited 2 branches of the dungeon, and saw 9 of its levels.

You collected 257 gold pieces.
You spent 55 gold pieces at shops.

Inventory:

Hand weapons
 e - a cursed -4,-3 orcish morningstar
 j - a +0,+0 trident
 w - a +1,+3 halberd of dragon slaying (weapon)
Missiles
 z - 4 curare-tipped needles
Armour
 a - a +0 robe (worn)
 l - a +0 pair of elven boots (worn)
 u - a +0 buckler
 A - a +1 cloak of poison resistance (worn)
Magical devices
 d - a wand of flame (0) {unknown}
 k - a wand of digging (11)
 m - a wand of flame (10) {unknown}
 B - a wand of paralysis (15) {unknown}
Comestibles
 c - 5 bread rations
 t - 2 meat rations
 x - an apple
 C - 2 chunks of human flesh
Scrolls
 f - 4 scrolls of enchant armour
 i - 3 scrolls of enchant weapon II
 n - 2 scrolls of identify
 o - 6 scrolls of remove curse
 p - 2 scrolls of enchant weapon I
 q - 2 scrolls of amnesia
 s - 3 scrolls of teleportation
 y - a scroll of noise {unknown}
Jewellery
 r - a +2 ring of dexterity (left hand)
Potions
 g - 5 potions of curing
Books
 b - a book of Necromancy

   Spells                             Type                      Level
   *Pain                              Necromancy                   1
   *Animate Skeleton                  Necromancy                   1
   Lethal Infusion                    Charms/Necromancy            2
   *Vampiric Draining                 Necromancy                   3
   *Regeneration                      Charms/Necromancy            3
   *Animate Dead                      Necromancy                   4
   Control Undead                     Necromancy                   4
 h - a book of Necromancy

   Spells                             Type                      Level
   *Pain                              Necromancy                   1
   *Animate Skeleton                  Necromancy                   1
   Lethal Infusion                    Charms/Necromancy            2
   *Vampiric Draining                 Necromancy                   3
   *Regeneration                      Charms/Necromancy            3
   *Animate Dead                      Necromancy                   4
   Control Undead                     Necromancy                   4
 v - a book of Ice

   Spells                             Type                      Level
   Freezing Aura                      Charms/Ice                   2
   Ensorcelled Hibernation            Hexes/Ice                    2
   Ozocubu's Refrigeration            Ice                          6
   Bolt of Cold                       Conjuration/Ice              6
   Freezing Cloud                     Conjuration/Ice/Air          6
   Metabolic Englaciation             Hexes/Ice                    6
   Simulacrum                         Ice/Necromancy               6
 D - Kikubaaqudgha's Tome of Evil
   (Kikubaaqudgha gifted it to you on level 7 of the Dungeon)

   Spells                             Type                      Level
   *Pain                              Necromancy                   1
   Lethal Infusion                    Charms/Necromancy            2
   Sublimation of Blood               Necromancy                   2
   *Vampiric Draining                 Necromancy                   3
   Control Undead                     Necromancy                   4
 E - a book of Battle

   Spells                             Type                      Level
   Infusion                           Charms                       1
   Shroud of Golubria                 Charms/Translocation         2
   Song of Slaying                    Charms                       2
   Spectral Weapon                    Hexes/Charms                 3
   *Regeneration                      Charms/Necromancy            3
   Song of Shielding                  Charms                       4


   Skills:
 + Level 2.8 Fighting
 + Level 4.2 Polearms
 - Level 0.3 Armour
 - Level 1.7 Dodging
 - Level 1.7 Stealth
 + Level 6.7 Spellcasting
 * Level 12.9 Necromancy


You had 10 spell levels left.
You knew the following spells:

 Your Spells              Type           Power        Failure   Level  Hunger
a - Pain                  Necr           ####         1%          1    None
b - Vampiric Draining     Necr           #####.....   1%          3    ###....
c - Animate Skeleton      Necr           N/A          1%          1    None
d - Animate Dead          Necr           N/A          1%          4    ####...
e - Regeneration          Chrm/Necr      ###.......   3%          3    ###....


Dungeon Overview and Level Annotations

Branches:
Dungeon (8/27)             Temple (1/1) D:6             Orc (0/4) D:6
   Lair (0/8) D:8

Altars:
Ashenzari
Cheibriados
Elyvilon
Fedhas
Kikubaaqudgha
Makhleb
Nemelex Xobeh
Okawaru
Sif Muna
Trog
Xom
Yredelemnul
Zin
the Shining One

Shops:
D:6 ??!


Innate Abilities, Weirdness & Mutations

You have sharp toenails.
You are partially covered in thin metallic scales (AC +2).
Your flesh is cold resistant.
You are mostly covered in sharp spines.
You are agile. (Dex +2)
Armour fits poorly on your strangely shaped body.
Your body is slowly deteriorating.
You have a slow metabolism.


Message History

You reach to attack!
You closely miss the orc warrior.
The orc warrior is heavily wounded.
The orc warrior hits you from afar with an orcish halberd.
Your human zombie hits the orc warrior but does no damage.
It hits you.
Your human zombie barely misses the orc warrior.
Unknown command.
Attack whom?
Press: ? - help, Dir - move target cursor, f/p - orc warrior
Aim: an orc warrior, wielding an orcish halberd and wearing an orcish chain mail (heavily wounded)
You reach to attack!
You puncture the orc warrior!
The orc warrior is severely wounded.
The orc warrior misses you. It hits you.
Your human zombie closely misses the orc warrior.
You hit it.
The orc warrior hits you from afar with an orcish halberd!
* * * LOW HITPOINT WARNING * * *
It hits you!
You die...
Kikubaaqudgha rasps: "You have failed me!
Welcome... death!"

..## #...# #...............
#....### #...## #...............
......####...####...........>...
#............##.[...%...........
#....................[..........
##...............................
................).###............
.................................
............Z...@..............).
#...............)z...............
##..............o.........###....
###..................#######....
####..........#.......####.......
#.............#.........##.......
#.............#.........#........
#...........###....##...#........
######......# #......####...#....


You could see an orc warrior, a friendly hippogriff zombie (confused) and a
friendly human zombie.

Vanquished Creatures
  Maurice (D:8)
  Psyche (D:8)
  A troll (D:8)
  A hydra zombie (D:7)
  A hungry ghost (D:7)
  A hippogriff (D:8)
  Menkaure (D:4)
  A wyvern (D:8)
  A slave (D:8)
  A sky beast (D:6)
  2 phantoms (D:6)
  A centaur (D:5)
  2 orc warriors (D:6)
  An ice beast (D:6)
  An ogre (D:7)
  Sigmund (D:2)
  2 giant frogs
  An eye of draining (D:8)
  A giant frog zombie (D:6)
  2 orc priests
  2 crimson imps
  2 hounds
  A centaur skeleton (D:8)
  4 scorpions
  3 worker ants
  3 iguanas
  4 orc wizards
  An ogre zombie (D:5)
  A hound skeleton (D:5)
  A worker ant zombie (D:6)
  8 gnolls
  14 adders
  2 worms
  A scorpion zombie (D:5)
  10 giant geckos
  An ooze (D:4)
  43 orcs
  A ball python (D:5)
  12 bats
  7 giant cockroaches
  13 goblins
  12 hobgoblins
  2 quokkas
  A giant cockroach zombie (D:5)
  7 giant newts
  A hobgoblin zombie (D:6)
  10 jackals
  12 kobolds
  A kobold skeleton (D:6)
  8 rats
  A ballistomycete (D:8)
213 creatures vanquished.

Vanquished Creatures (collateral kills)
  Pikel (D:8)
  An ogre (D:8)
  A phantom (D:4)
  A sky beast (D:8)
  A gnoll sergeant (D:6)
  A black bear zombie (D:8)
  2 hounds
  An iguana (D:8)
  A worker ant (D:6)
  A scorpion (D:8)
  A hound skeleton (D:7)
  2 adders
  2 gnolls (D:6)
  A worm (D:2)
  A giant eyeball (D:5)
  3 orcs
  A giant cockroach (D:6)
  A hobgoblin (D:2)
23 creatures vanquished.

Vanquished Creatures (others)
  2 slaves (D:8)
  An orc priest (D:8)
  A human zombie (D:8)
  A hound zombie (D:8)
  2 iguana zombies
  A scorpion zombie (D:8)
  2 adder skeletons
  An orc (D:8)
  2 bat skeletons
  A bat zombie (D:5)
  2 gnoll zombies (D:6)
  A hobgoblin (D:8)
  A ball python skeleton (D:5)
  5 giant gecko skeletons
  3 giant newt skeletons
  A giant spore (D:8)
  2 gnoll skeletons (D:4)
  4 goblin skeletons
  2 hobgoblin skeletons
  A hobgoblin zombie (D:8)
  2 jackal skeletons (D:4)
  4 kobold skeletons
  A kobold zombie (D:8)
  5 orc skeletons (D:4)
  13 orc zombies
61 creatures vanquished.

Grand Total: 297 creatures vanquished

Notes
Turn   | Place    | Note
--------------------------------------------------------------
     0 | D:1      | Malachi, the Demonspawn Necromancer, began the quest for the Orb.
     0 | D:1      | Reached XP level 1. HP: 13/13 MP: 3/3
    81 | D:1      | Learned a level 1 spell: Animate Skeleton
   419 | D:1      | Gained mutation: You are partially covered in thin metallic scales (AC +2). [demonic ancestry]
   419 | D:1      | Reached XP level 2. HP: 19/19 MP: 2/4
   557 | D:1      | Reached skill level 5 in Necromancy
   844 | D:2      | Gained mutation: Your flesh is cold resistant. [demonic ancestry]
   844 | D:2      | Reached XP level 3. HP: 7/24 MP: 0/6
  1732 | D:2      | Noticed Sigmund
  1740 | D:2      | Learned a level 3 spell: Vampiric Draining
  1880 | D:2      | Killed Sigmund
  1880 | D:2      | Reached skill level 6 in Necromancy
  1880 | D:2      | Reached XP level 4. HP: 15/30 MP: 2/8
  2363 | D:3      | Gained mutation: You are partially covered in sharp spines. [demonic ancestry]
  2363 | D:3      | Reached XP level 5. HP: 32/35 MP: 10/10
  2506 | D:3      | Found a blossoming altar of Fedhas.
  3551 | D:4      | Noticed Menkaure
  3565 | D:4      | Killed Menkaure
  3565 | D:4      | Reached skill level 7 in Necromancy
  3565 | D:4      | Reached XP level 6. HP: 12/41 MP: 12/12
  4173 | D:4      | Reached skill level 8 in Necromancy
  4180 | D:4      | Reached skill level 1 in Polearms
  4180 | D:4      | Reached XP level 7. HP: 26/46 MP: 5/14
  4537 | D:4      | Reached skill level 1 in Fighting
  4540 | D:4      | Gained mutation: You have a slow metabolism. [potion of mutation]
  4540 | D:4      | Gained mutation: Your body is slowly deteriorating. [potion of mutation]
  4540 | D:4      | Gained mutation: You are agile. (Dex +2) [potion of mutation]
  4541 | D:4      | Lost mutation: You are agile. (Dex +2) [potion of mutation]
  4541 | D:4      | Gained mutation: Your mind is acute. (Int +2) [potion of mutation]
  4542 | D:4      | Gained mutation: Armour fits poorly on your strangely shaped body. [potion of mutation]
  4542 | D:4      | Gained mutation: You are agile. (Dex +2) [potion of mutation]
  4676 | D:5      | Entered Level 5 of the Dungeon
  4852 | D:5      | Learned a level 4 spell: Animate Dead
  4856 | D:5      | Learned a level 3 spell: Regeneration
  5360 | D:5      | Found a burning altar of Makhleb.
  5370 | D:5      | Reached skill level 9 in Necromancy
  5864 | D:6      | Found Fraetamn's Distillery.
  5885 | D:6      | Gained mutation: You are mostly covered in sharp spines. [demonic ancestry]
  5885 | D:6      | Reached XP level 8. HP: 42/53 MP: 18/18
  6286 | D:6      | Found a staircase to the Orcish Mines.
  6474 | D:6      | Found Soskuc's Magic Scroll Boutique.
  6475 | D:6      | Found Bruit's Magic Scroll Boutique.
  6499 | D:6      | Bought a scroll of enchant armour for 55 gold pieces
  6604 | D:6      | Reached skill level 10 in Necromancy
  6613 | D:6      | Lost mutation: Your mind is acute. (Int +2) [mutagenic meat]
  6765 | D:6      | Found a staircase to the Ecumenical Temple.
  6789 | Temple   | Entered the Ecumenical Temple
  6901 | Temple   | Became a worshipper of Kikubaaqudgha
  7302 | D:6      | Reached skill level 5 in Spellcasting
  7543 | D:7      | Found a basalt altar of Yredelemnul.
  7627 | D:7      | Found a white marble altar of Elyvilon.
  8140 | D:7      | Reached skill level 11 in Necromancy
  8140 | D:7      | Gained mutation: You have sharp toenails. [demonic ancestry]
  8140 | D:7      | Reached XP level 9. HP: 45/59 MP: 21/21
  8377 | D:7      | Acquired Kikubaaqudgha's first power
  8377 | D:7      | Received a gift from Kikubaaqudgha
  8380 | D:7      | Identified Kikubaaqudgha's Tome of Evil (Kikubaaqudgha gifted it to you on level 7 of the Dungeon)
  8883 | D:8      | Noticed Psyche
  8887 | D:8      | Found a bloodstained altar of Trog.
  8894 | D:8      | Killed Psyche
  9069 | D:8      | Found a staircase to the Lair.
  9387 | D:8      | Your ally Psyche died
  9387 | D:8      | Reached skill level 12 in Necromancy
  9716 | D:8      | Noticed Maurice
  9747 | D:8      | Noticed Pikel
  9754 | D:8      | Killed Pikel
  9754 | D:8      | Reached XP level 10. HP: 25/66 MP: 0/23
  9942 | D:8      | Killed Maurice
 10120 | D:8      | Slain by an orc wizard

Action                   |  1- 3 |  4- 6 |  7- 9 | 10-12 || total
-------------------------+-------+-------+-------+-------++-------
Melee: Spear             |    37 |       |       |       ||    37
       Trident           |    11 |    45 |       |       ||    56
       Halberd           |       |    37 |   351 |    22 ||   410
 Cast: Pain              |    39 |    39 |       |       ||    78
       Animate Skeleton  |    13 |    23 |    12 |       ||    48
       Vampiric Draining |       |     6 |    54 |     7 ||    67
       Animate Dead      |       |       |    21 |     1 ||    22
  Use: Scroll            |       |       |    20 |       ||    20
       Potion            |       |       |    14 |     1 ||    15
 Stab: Sleeping          |     1 |     6 |    18 |       ||    25
       Distracted        |     1 |       |     3 |       ||     4
